 Dungeon Crawl Stone Soup version 0.31-a0-662-g684573625c (webtiles) character file.

Game seed: 7054309428072773339

604 freelancePsychic the Conjurer (level 7, -5/93 HPs)
             Began as a Naga Conjurer on Sept 1, 2023.
             Slain by a gnoll
             ... wielding a +0 halberd
             ... led by a gnoll sergeant
              (7 damage)
             ... on level 5 of the Dungeon.
             The game lasted 00:08:18 (5462 turns).

freelancePsychic the Conjurer (Naga Conjurer)       Turns: 5462, Time: 00:08:18

Health: -5/93      AC: 23    Str: 10    XL:     7   Next: 42%
Magic:  4/13       EV:  1    Int: 20    God:
Gold:   183        SH:  0    Dex:  9    Spells: 7/14 levels left

rFire   . . .        k - +0 dagger (venom)
rCold   . . .        (no shield)
rNeg    . . .        a - melded +0 robe
rPois   +            o - melded +0 helmet
rElec   .            (cloak currently unavailable)
rCorr   .            (gloves currently unavailable)
SInv    +            (no barding)
Will    .....        l - amulet of magic regeneration
Stlth   ++           g - ring of flight
HPRegen 0.35/turn    (no ring)
MPRegen 0.53/turn

%: no passive effects
@: tree-form
A: stationary, stasis, torment immunity, boosted hp, AC +2, large, see
invisible, (deformed body), (poison resistance), (slowness 2), spit poison 1,
(naga tail 1)
a: Spit Poison


You were on level 5 of the Dungeon.
You were a tree.
You visited 1 branch of the dungeon, and saw 5 of its levels.

You collected 183 gold pieces.

Inventory:

Hand Weapons
 e - a +0 spear
 k - a +0 dagger of venom (weapon)
 n - a +5 heavy spear
Missiles
 d - a throwing net
Armour
 a - a +0 robe (melded)
 o - a +0 helmet (melded)
Jewellery
 g - a ring of flight (left branch)
 l - an amulet of magic regeneration (around neck)
Scrolls
 c - a scroll of revelation
Potions
 b - a potion of magic
 f - a potion of enlightenment
 i - a potion of attraction


   Skills:
 + Level 3.6 Fighting
 - Level 1.5 Dodging
 - Level 3.0 Stealth
 + Level 4.0 Spellcasting
 + Level 5.5 Conjurations
 + Level 3.4 Translocations


You had 7 spell levels left.
You knew the following spells:

 Your Spells              Type           Power      Damage    Failure   Level
a - Magic Dart            Conj           100%       1d8       1%          1
b - Searing Ray           Conj           52%        2d6       1%          2
c - Iskenderun's Mystic   Conj/Tloc      22%        2d6       21%         4

Your spell library contained the following spells:

 Spells                   Type           Power      Damage    Failure   Level
 Shock                    Conj/Air       60%        1d6       4%          1
 Dazzling Flash           Conj/Hex       30%        N/A       12%         3
 Inner Flame              Hex/Fire       4%         N/A       36%         3
 Swiftness                Air            4%         N/A       36%         3
 Flame Wave               Conj/Fire      15%        2d7       38%         4
 Fulminant Prism          Conj/Hex       7%         3d6       38%         4
 Sticky Flame             Conj/Fire      15%        2d4       38%         4
 Airstrike                Air            2%         2d(1-17)  77%         4
 Yara's Violent Unravell  Hex/Tmut       2%         3d3       98%         5
 Enfeeble                 Hex            2%         N/A       100%        7


Dungeon Overview and Level Annotations

Branches:
Dungeon (5/15)
 Temple: D:4-7

Altars:
Dithmenos
Ru
The Shining One

Annotations:
D:4 Edmund, Ijyb


Innate Abilities, Weirdness & Mutations

You are a tree.
Your roots penetrate the ground, keeping you stationary.
You cannot be teleported.
You are immune to unholy pain and torment.
Your maximum health is greatly increased.
Your equipment is partially melded.
((Your serpentine skin is tough. (AC +2)))
You have supernaturally acute eyesight. (SInv)
((Armour fits poorly on your strangely shaped body.))
((Your system is resistant to poisons. (rPois)))
((You cover ground very slowly.))
You can spit poison.
((You have a snake-like lower body.))


Message History

The searing ray hits the gnoll.
The gnoll is moderately wounded.
The gnoll sergeant hits you with a +0 morningstar!
The gnoll closely misses you.
The searing ray misses the gnoll sergeant.
The searing ray hits the gnoll.
The gnoll is heavily wounded.
The searing ray hits the ogre.
The ogre is heavily wounded.
An iguana comes into view.
The gnoll sergeant hits you with a +0 morningstar!
The gnoll hits you from afar with a +0 halberd!
The searing ray hits the gnoll sergeant but does no damage.
The gnoll sergeant is moderately wounded.
The searing ray hits the gnoll.
The gnoll is severely wounded.
The searing ray misses the iguana.
You finish channelling your searing ray.
The iguana hisses menacingly.
The gnoll sergeant hits you with a +0 morningstar!
* * * LOW HITPOINT WARNING * * *
The gnoll hits you but does no damage.
Okay, then.
You turn into a tree.
Your +0 helmet melds into your body.
Your +0 robe melds into your body.
Your roots penetrate the ground.
The gnoll sergeant hits you with a +0 morningstar.
* * * LOW HITPOINT WARNING * * *
The gnoll hits you but does no damage.
Aiming: Searing Ray (safe; 1% risk of failure)
Press: ? - help, Q - select action, (/) - cycle Shift-Dir - straight line, f - gnoll
Aim: a gnoll, wielding a +0 halberd and wearing a +0 ring mail (severely wounded, 85% to hit)
The searing ray hits the gnoll sergeant.
The gnoll sergeant is moderately wounded.
The searing ray hits the gnoll but does no damage.
The gnoll is severely wounded. (Press . to maintain the ray.)
The gnoll sergeant hits you with a +0 morningstar!
* * * LOW HITPOINT WARNING * * *
The gnoll hits you from afar with a +0 halberd!
You die...

... ..! #..
.... ...
#....' #####
#....# #~P~#
..?..l###
#.~~#
..gg..g.# ~~.#
#g########
#####♣#......#
#.........##.#
#............#
#.........####
#.........#
#.........#
#.........#
#....÷....#
####
##........#


You could see a gnoll sergeant, an iguana and a gnoll.

Vanquished Creatures
  An ogre (D:4)
  Blork the orc (D:5)
  A howler monkey (D:5)
  A crimson imp (D:3)
  A hound (D:4)
  A jelly (D:5)
  Jessica (D:3)
  An iguana (D:3)
  An orc wizard (D:4)
  Robin (D:4)
  2 gnolls (D:5)
  6 adders
  A white imp (D:5)
  3 dart slugs
  3 worms
  10 orcs
  8 bats
  6 endoplasms
  3 giant cockroaches
  14 goblins
  12 hobgoblins
  7 jackals
  4 quokkas
  4 ball pythons
  5 frilled lizards
  4 goblin skeletons (D:3)
  A hobgoblin zombie (D:3)
  14 kobolds
  A kobold skeleton (D:3)
  2 orc zombies (D:3)
  24 rats
144 creatures vanquished.

Vanquished Creatures (others)
  A quokka (D:5)
1 creature vanquished.

Grand Total: 145 creatures vanquished

Notes
Turn   | Place    | Note
-------+----------+-------------------------------------------
     0 | D:1      | freelancePsychic the Naga Conjurer began the quest for the
                  | Orb.
     0 | D:1      | Reached XP level 1. HP: 15/15 MP: 3/3
   226 | D:1      | Reached XP level 2. HP: 24/24 MP: 1/5
   595 | D:1      | You fall into a shaft and drop 1 floor!
   624 | D:2      | Reached skill level 1 in Fighting
   624 | D:2      | Reached skill level 1 in Translocations
   624 | D:2      | Reached XP level 3. HP: 31/31 MP: 1/6
   683 | D:2      | Learned a level 2 spell: Searing Ray
  1144 | D:1      | Reached XP level 4. HP: 35/38 MP: 1/7
  1648 | D:2      | Learned a level 4 spell: Iskenderun's Mystic Blast
  2284 | D:3      | Found a glowing golden altar of the Shining One.
  2312 | D:3      | HP: 1/39 [poisoned by an adder]
  2546 | D:3      | Reached XP level 5. HP: 45/45 MP: 5/9
  2837 | D:3      | Found a faded altar of an unknown god.
  2962 | D:3      | Noticed Jessica
  2969 | D:3      | Killed Jessica
  3594 | D:4      | Noticed Edmund
  3659 | D:3      | Reached XP level 6. HP: 53/55 MP: 3/10
  3920 | D:4      | Reached skill level 5 in Conjurations
  4014 | D:4      | Found a shadowy altar of Dithmenos.
  4015 | D:4      | Noticed Ijyb
  4339 | D:4      | Noticed Robin
  4493 | D:4      | Killed Robin
  4603 | D:4      | Reached XP level 7. HP: 21/62 MP: 9/12
  5009 | D:4      | Found a sacrificial altar of Ru.
  5132 | D:5      | Entered Level 5 of the Dungeon
  5361 | D:5      | Noticed Blork the orc
  5366 | D:5      | Killed Blork the orc
  5462 | D:5      | HP: 2/93 [gnoll sergeant/+0 morningstar (11)]
  5462 | D:5      | Slain by a gnoll

Illustrated notes

Levels and vault maps discovered:
D:1:      amcnicky_arrival_choice, layout_loops_cross,
          chequers_serial_rivers_small_3
D:2:      layout_rooms, serial_glass, glass_columns_b, glass_columns_a,
          glass_columns_b, glass_columns_c, glass_columns_a, glass_columns_b
D:3:      layout_basic, nicolae_tso_besieged_by_evil,
          shapermc_ecumenical_altar_pompeii, minmay_rat_hole, uniq_jessica
D:4:      layout_rooms, mainiacjoe_overflow_alcove_1,
          nicolae_ru_the_path_less_chosen, uniq_edmund, uniq_ijyb, uniq_robin
D:5:      layout_basic, elyvilon_altar_4, ebering_ghost_sewer_f,
          serial_aquarium, aquarium_bridge_island_small
          [aquarium_subvault_small_water, aquarium_subvault_wall,
          aquarium_subvault_bridge, aquarium_subvault_window,
          aquarium_subvault_bridge], aquarium_window_corner, aquarium_window_1,
          aquarium_window_fake, aquarium_view_2c, aquarium_pool_side,
          uniq_blork_the_orc, uniq_grinder

Skill      XL: |  1  2  3  4  5  6  7 |
---------------+----------------------+-----
Fighting       | 1 2 3 |  3.6
Translocations | 1 2 3 |  3.4
Spellcasting   | 3 4 |  4.0
Conjurations   | 5 |  5.5
Dodging        | |  1.5
Stealth        | |  3.0

Action                     |  1- 3 |  4- 6 |  7- 9 || total
---------------------------+-------+-------+-------++-------
  Melee: Unarmed           |    11 |       |       ||    11
         Spear             |     8 |   139 |       ||   147
         Punch             |       |     1 |     1 ||     2
         Dagger            |       |    44 |    18 ||    62
   Cast: Magic Dart        |    36 |       |       ||    36
         Searing Ray       |    11 |    42 |    10 ||    63
Ability: Spit Poison       |     3 |    14 |       ||    17
    Use: Scroll            |     1 |     8 |       ||     9
         Potion            |     1 |     2 |     1 ||     4
   Stab: Sleeping          |       |     2 |     1 ||     3
 Armour: Robe              |    48 |   182 |    28 ||   258
         Skin              |       |       |     4 ||     4
  Dodge: Dodged            |    29 |   125 |    13 ||   167

Table legend: (Time is in decaauts)
 A = Elapsed time spent in this place.
 B = Non-inter-level travel time spent in this place.
 C = Inter-level travel time spent in this place.
 D = Time resting spent in this place.
 E = Time spent auto-exploring this place.
 F = Levels seen in this place.
 G = Mean time per level.
                   A        B        C        D        E       F      G
               +--------+--------+--------+--------+--------+-----+--------+
         Total |   6563 |   6253 |    310 |    100 |   5153 |   5 | 1312.6 |
       Dungeon |   6563 |   6253 |    310 |    100 |   5153 |   5 | 1312.6 |
               +--------+--------+--------+--------+--------+-----+--------+

Top non-repeatable levels by time:
     D:3: 1903 daAuts
     D:4: 1575 daAuts
     D:1: 1567 daAuts
     D:2: 1148 daAuts
     D:5: 368 daAuts
